[Event "Late-Titled-Tuesday-Blitz-September-05-2023"]
[Site "Chess.com"]
[Date "2023.09.05"]
[Round "3"]
[White "Andrei_Skvortsov"]
[Black "sergoy"]
[Result "0-1"]
[WhiteElo "2629"]
[BlackElo "2903"]
[TimeControl "180+1"]
[EndTime "14:29:21 PDT"]
[Termination "sergoy won by resignation"]

1. e4 c5 2. d4 d6 3. Nc3 cxd4 4. Qxd4 Nc6 5. Qd3 Nf6 6. Nf3 Bg4 7. Be2 g6 8. O-O Bg7 9. Nd5 O-O 10. c3 Rc8 11. Rd1 Nd7 12. Bg5 h6 13. Bh4 g5 14. Bg3 Bxf3 15. Qxf3 Nce5 16. Qe3 e6 17. Nb4 Nb6 18. Nd3 Qe7 19. Nxe5 dxe5 20. f3 Qc7 21. Bf2 Rfd8 22.
Rxd8+ Rxd8 23. Rd1 Rxd1+ 24. Bxd1 Bf8 25. b4 Qd7 26.
Bb3 Na4 27. h4 gxh4 28. Bxa4 Qxa4 29. Qxa7 Qc2 30. Qe3 h3 31. gxh3 Qxa2 32. h4 Qc2 33.
Kg2 b5 34. Qb6 Qxc3 35. Qxb5 Bxb4 36. Bg3 Bd6 37. Qd7 Qd2+ 38. Kh3 Qd1 39. Kg2 Qd4 40.
Bf2 Qd2 41. Qb5 Kg7 42. Qc4 Be7 43. Kf1 Qd1+ 44. Kg2 Qd2 45. Kf1 h5 46. Qb5 Qf4 47. Kg2 Bf6 48. Bg3 Qd2+ 49. Kf1 Qe3 50. Kg2 Qd2+ 51. Kf1 Qc3 52. Kg2 Kg6 53. Kf1 Qxf3+ 54. Bf2 Bxh4 0-1

[Event "Late-Titled-Tuesday-Blitz-September-05-2023"]
[Site "Chess.com"]
[Date "2023.09.05"]
[Round "3"]
[White "Cmorales2001"]
[Black "Bobbybunny"]
[Result "1-0"]
[WhiteElo "2425"]
[BlackElo "2197"]
[TimeControl "180+1"]
[EndTime "14:29:21 PDT"]
[Termination "Cmorales2001 won on time"]

1. e4 c5 2. Nf3 g6 3. d4 cxd4 4.
Nxd4 Nf6 5. Nc3 d6 6. Be3 Bg7 7.
f3 a6 8. Qd2 h5 9. O-O-O b5 10.
Kb1 Bb7 11. Nde2 Nbd7 12. h4 Rc8 13. Nf4 Ne5 14. Ncd5 Nxd5 15. Nxd5 Bxd5 16. exd5 Qc7 17. Bg5 O-O 18. Be2 Nc4 19. Bxc4 bxc4 20. c3 Rb8 21. Rhe1 Rfe8 22. Re4 Rb5 23. Rde1 Reb8 24. R1e2 Qa5 25. Rxc4 Rxb2+ 26. Qxb2 Rxb2+ 27. Rxb2 Qxd5 28. Rc8+ Kh7 29.
Rd2 Qb5+ 30. Kc1 Qf1+ 31. Rd1 Qxg2 32. Rc7 Qxa2 33. Re1 Qa1+ 34. Kc2 Qa2+ 35. Kd3 Qd5+ 36. Kc2 e5 37. Rb1 Qxf3 38. Rbb7 e4 39. Rxf7 Qxc3+ 40. Kd1 Qd3+ 41. Ke1 Qg3+ 42. Kf1 Qd3+ 43. Kg2 Qe2+ 44.
Kg3 Qg4+ 45. Kf2 e3+ 46. Kxe3 Qg3+ 47. Ke2 Qg2+ 48. Ke1 Qg1+ 49. Kd2 Qg2+ 50. Ke3 Qg3+ 51. Kd2 Qg2+ 52. Kd3 Qg3+ 53. Kc4 Qg4+ 54. Kd5 1-0

[Event "Late-Titled-Tuesday-Blitz-September-05-2023"]
[Site "Chess.com"]
[Date "2023.09.05"]
[Round "3"]
[White "Orest_Vovk"]
[Black "MelihKaanCan"]
[Result "0-1"]
[WhiteElo "2597"]
[BlackElo "2480"]
[TimeControl "180+1"]
[EndTime "14:29:27 PDT"]
[Termination "MelihKaanCan won on time"]

1. e4 e5 2. Nf3 Nc6 3. Bb5 a6 4. Bxc6 dxc6 5. O-O Qd6 6. Nc3 Bg4 7. h3 Bh5 8. d3 f6 9. Be3 c5 10. g4 Bf7 11. Nh4 Ne7 12. f4 O-O-O 13. Nf5 Nxf5 14. exf5 exf4 15. Rxf4 Qc6 16. Qf3 Qd7 17. Bf2 Bd6 18. Re4 h5 19. Rae1 hxg4 20. hxg4 Qc6 21. R1e2 Bh2+ 22. Kg2 Be5 23. Bg3 Bxc3 24. bxc3 Bd5 25.
c4 Bxe4 26. Rxe4 Rhe8 27. Rxe8 Qxf3+ 28. Kxf3 Rxe8 29. Bf2 b6 30. a4 Kd7 31. Be3 Kc6 32. Bf2 Rh8 33. Kg2 Rb8 34. Kf3 b5 35. cxb5+ axb5 36. axb5+ Rxb5 37. Ke2 Rb4 38. c4 Rb2+ 39. Kf3 Kd6 40.
Bg3+ Kd7 41. Bf2 Rd2 42. Ke3 Ra2 43. Kf3 Ra3 44. Ke4 Kd6 45. Bg3+ Kc6 46. Bf2 Ra8 47.
Kf3 Rg8 48. Bh4 Rd8 49. Ke3 Rd4 0-1

[Event "Late-Titled-Tuesday-Blitz-September-05-2023"]
[Site "Chess.com"]
[Date "2023.09.05"]
[Round "3"]
[White "tteshan"]
[Black "EsmeraldasAnderson03"]
[Result "1/2-1/2"]
[WhiteElo "2567"]
[BlackElo "2409"]
[TimeControl "180+1"]
[EndTime "14:29:27 PDT"]
[Termination "Game drawn by repetition"]

1. d4 d5 2. c4 dxc4 3. e3 a6 4. Bxc4 Nf6 5. Nf3 e6 6. O-O c5 7.
dxc5 Qxd1 8. Rxd1 Bxc5 9. Be2 b5 10. a4 b4 11. Nbd2 Bb7 12. Nc4 Ke7 13. b3 a5 14.
Bb2 Nbd7 15. Rac1 Rhc8 16. Kf1 Nb6 17. Nce5 Bd5 18. Nd2 Ne4 19. Nxe4 Bxe4 20. Nd3 Bd6 21. Bd4 Nd5 22. f3 Bxd3 23. Bxd3 Nc3 24. Rd2 e5 25.
Bxc3 bxc3 26. Rdc2 Ba3 27. Rd1 Bb2 28. Bb5 Rd8 29.
Ke2 Rxd1 30. Kxd1 Rd8+ 31. Ke2 Kd6 32. Bc4 f6 33. Ke1 Kc5 34. Ke2 Kb4 35. g4 g6 36.
h4 f5 37. gxf5 gxf5 38. Bd3 f4 39. exf4 exf4 40. Bxh7 Rh8 41. Bd3 Rxh4 42. Bc4 Rh3 43. Bd5 Rh2+ 44. Kd3 Rxc2 45. Kxc2 Kc5 46. Bc4 Kd4 47. Be6 Ba3 48. Bc4 Be7 49. Be6 Bf6 50. Bf5 Ke3 51. Be4 Bd4 52. Bc6 Be5 53. Be4 Kd4 54. Bc6 Bd6 55. Be4 Bb4 56. Bc6 Ba3 57. Be4 Bb4 58. Bb7 Bd6 59. Ba8 Bb4 60. Bb7 Bf8 61.
Ba8 Bb4 62. Bb7 1/2-1/2

[Event "Late-Titled-Tuesday-Blitz-September-05-2023"]
[Site "Chess.com"]
[Date "2023.09.05"]
[Round "3"]
[White "dosto07"]
[Black "thechessnoob12345"]
[Result "1-0"]
[WhiteElo "2508"]
[BlackElo "2099"]
[TimeControl "180+1"]
[EndTime "14:29:30 PDT"]
[Termination "dosto07 won by resignation"]

1. e4 c6 2. d4 d5 3. Nc3 dxe4 4. Nxe4 Nd7 5. Nf3 Ngf6 6. Nxf6+ Nxf6 7. Ne5 Be6 8. c3 g6 9. Bd3 Bg7 10. O-O O-O 11. Re1 Nd7 12. Nf3 Bg4 13. Bf4 c5 14.
Be4 Qb6 15. Qb3 cxd4 16. Bxb7 Bxf3 17. Bxf3 Rac8 18. Rxe7 Nc5 19. Qxb6 axb6 20. cxd4 Bxd4 21. Bd5 Bxb2 22. Rb1 Bf6 23. Ra7 Rcd8 24. Bf3 Ne6 25. Bh6 Bg7 26. Bxg7 Kxg7 27. h4 Nd4 28. Rxb6 Nxf3+ 29. gxf3 h5 30. Kg2 Rfe8 31. Rbb7 Rf8 32. a3 Rd4 33. Rb4 Rxb4 34. axb4 Rb8 35. Ra4 Rb5 36. Kf1 Kf6 37. Ke2 Kf5 38. Ke3 Kf6 39. Kd4 Rb8 40. Kc3 Kf5 41. Ra7 f6 42. Rd7 g5 43.
Rh7 gxh4 44. Rxh5+ Kf4 45. Rxh4+ Kxf3 46. Kc4 f5 47. b5 Kxf2 48. Rf4+ Ke3 49. Rxf5 Ke4 50.
Rc5 Rb7 51. Rc6 Ke5 52. Kc5 Ke4 53. b6 Rh7 54. Rc7 Rh5+ 55. Kc6 Rh6+ 56. Kb5 Rh5+ 57. Ka6 Rh6 58. Ka7 Kd5 59. b7 1-0

[Event "Late-Titled-Tuesday-Blitz-September-05-2023"]
[Site "Chess.com"]
[Date "2023.09.05"]
[Round "3"]
[White "DTChess"]
[Black "Bauman_Guy"]
[Result "0-1"]
[WhiteElo "2453"]
[BlackElo "2877"]
[TimeControl "180+1"]
[EndTime "14:29:31 PDT"]
[Termination "Bauman_Guy won by resignation"]

1. e4 c5 2. Nf3 d6 3. Nc3 Nf6 4.
d4 cxd4 5. Nxd4 a6 6. Bc4 e6 7. Bb3 b5 8. a3 Be7 9. f3 Qc7 10.
Be3 Nc6 11. Qd2 Na5 12. O-O O-O 13. Rfd1 Nc4 14. Bxc4 bxc4 15. Qf2 Rb8 16. Rab1 e5 17. Nde2 Be6 18. g4 Rfd8 19. g5 Nd7 20. Ng3 g6 21. h4 Rb7 22. h5 Rdb8 23. hxg6 hxg6 24. Kg2 Rxb2 25. Rxb2 Rxb2 26. Nd5 Bxd5 27. exd5 Nc5 28. Bxc5 Qxc5 29. Qxc5 dxc5 30. Ne4 Rxc2+ 31. Kg3 c3 32. d6 Bd8 33. Rd5 Kf8 34. Rxc5 Ke8 35. Kg4 Kd7 36. Nxc3 Rg2+ 37. Kh3 Rxg5 38. Ne4 Rh5+ 39. Kg2 f5 40. Ng3 Kxd6 41. Rc8 Kd7 42. Ra8 Rg5 43. Kh3 a5 44. Ra7+ Bc7 45. Ne2 Rh5+ 46. Kg2 Kc6 47. Nc3 Rh8 48. a4 Rd8 49. Nb5 Rd7 50. Ra6+ Bb6 51. Ra8 Rd2+ 52. Kh3 Ra2 53. Rg8 Rxa4 54. Nc3 Ra3 55.
Rxg6+ Kb7 56. Nd5 Rxf3+ 57. Kh4 Rb3 58. Rg7+ Ka6 59. Rg6 a4 60. Re6 e4 61. Kg5 a3 62.
Nc7+ Kb7 63. Nd5 a2 0-1

[Event "Late-Titled-Tuesday-Blitz-September-05-2023"]
[Site "Chess.com"]
[Date "2023.09.05"]
[Round "3"]
[White "FairChess_on_YouTube"]
[Black "rezamahdavi2008"]
[Result "1/2-1/2"]
[WhiteElo "3049"]
[BlackElo "2758"]
[TimeControl "180+1"]
[EndTime "14:29:32 PDT"]
[Termination "Game drawn - insufficient material"]

1. Nf3 Nf6 2. c4 e6 3. g3 d5 4. d4 Bb4+ 5. Nbd2 O-O 6. Bg2 b6 7. O-O Bb7 8. Ne5 a5 9. cxd5 exd5 10. Ndf3 Re8 11. Bg5 h6 12. Bxf6 Qxf6 13. Rc1 Bd6 14. e3 c5 15. Qa4 Qe7 16. Rfd1 Na6 17.
Qb5 Bc7 18. a3 f6 19. Ng6 Qf7 20. Nfh4 Rab8 21. dxc5 Nxc5 22. b4 axb4 23. axb4 Ne4 24. Bh3 Rbd8 25. Bf5 Nd6 26. Qd3 Nxf5 27. Nxf5 d4 28.
Qc4 Qxc4 29. Rxc4 dxe3 30. Rxd8 Rxd8 31. fxe3 Rd7 32. h4 Kf7 33. h5 Bf3 34. g4 b5 35.
Rc5 Bxg4 36. Nd4 Bb6 37. Rxb5 Bxd4 38. exd4 Bxh5 39. Nh8+ Kg8 40. Rxh5 Rxd4 41. Ng6 Kf7 42. Nh4 g6 43. Rxh6 Rxb4 44. Kf2 Rg4 45. Kf3 Kg7 46.
Kxg4 Kxh6 47. Nf3 f5+ 48. Kf4 g5+ 49. Kxf5 g4 50. Kxg4 1/2-1/2

[Event "Late-Titled-Tuesday-Blitz-September-05-2023"]
[Site "Chess.com"]
[Date "2023.09.05"]
[Round "3"]
[White "Rud_Makarian"]
[Black "KATPAH"]
[Result "1/2-1/2"]
[WhiteElo "2945"]
[BlackElo "2676"]
[TimeControl "180+1"]
[EndTime "14:29:32 PDT"]
[Termination "Game drawn by repetition"]

1. d4 Nf6 2. c4 e5 3. dxe5 Ng4 4. e4 Nxe5 5. f4 Ng6 6. Qh5 Nc6 7. Nf3 Bb4+ 8. Nc3 d6 9. f5 Nge5 10. Bd2 g6 11. Qh3 Nxf3+ 12. Qxf3 gxf5 13. O-O-O Ne5 14. Qf4 Bd7 15. a3 Bxc3 16. Bxc3 Qf6 17. g4 O-O-O 18. exf5 h5 19. Be2 hxg4 20. Bxg4 Qh6 21. Qxh6 Rxh6 22. h3 f6 23. c5 Bc6 24. Rhe1 Nxg4 25. hxg4 Bf3 26. Rd4 d5 27. Rf4 Be4 28. Kd2 Rg8 29.
Bd4 c6 30. b4 Kd7 31. Re3 Rh2+ 32. Kc3 Rh6 33. Rg3 Ke7 34. a4 Kf7 35. b5 Rgh8 36.
g5 Rh3 37. Rxh3 Rxh3+ 38. Kb4 fxg5 39. Rg4 Rh5 40. f6 Bf5 41. Rg3 g4 42. Ka5 Rh1 43. bxc6 bxc6 44. Ka6 Rd1 45. Be5 Re1 46. Bc3 Re4 47. a5 Rc4 48. Kxa7 d4 49. Bd2 Rc2 50. Bf4 d3 51. a6 d2 52. Bxd2 Rxd2 53. Kb6 Rb2+ 54.
Kc7 Ra2 55. Kb7 Rb2+ 56. Kc7 Ra2 57. Kb7 Rb2+ 58. Kc7 1/2-1/2

[Event "Late-Titled-Tuesday-Blitz-September-05-2023"]
[Site "Chess.com"]
[Date "2023.09.05"]
[Round "3"]
[White "JoakimVonAnd"]
[Black "ErikRonka"]
[Result "1-0"]
[WhiteElo "2729"]
[BlackElo "2489"]
[TimeControl "180+1"]
[EndTime "14:29:32 PDT"]
[Termination "JoakimVonAnd won by resignation"]

1. Nf3 d5 2. g3 Nf6 3. Bg2 e6 4. O-O c5 5. c4 dxc4 6. Na3 Nc6 7.
Nxc4 Be7 8. b3 O-O 9. Bb2 Qc7 10. Rc1 b5 11. Nce5 Bb7 12. Nxc6 Bxc6 13. d3 Qb6 14.
e4 Rfd8 15. Qe2 Rac8 16. Rfd1 Ne8 17. Ne5 Bb7 18. h4 Bf6 19. Kh1 Bxe5 20. Bxe5 f6 21. Bf4 e5 22. Be3 Rc7 23. b4 Qe6 24. Bxc5 a6 25. Kh2 Rdc8 26. Be3 Rxc1 27. Rxc1 Rxc1 28. Bxc1 Qd6 29. a3 Nc7 30. Be3 Ne6 31. Bh3 Nd4 32.
Qa2+ Kf8 33. Qb2 Bc6 34. Qc3 Ke7 35. Bxd4 exd4 36. Qc1 Bd7 37. Bxd7 Kxd7 38. Kg2 f5 39. Qg5 g6 40. Qf4 Qc6 41. Qf3 Qe6 42. exf5 gxf5 43.
Qb7+ Ke8 44. Qf3 Kf7 45. h5 Kg7 46. Kg1 Qe5 47. Qb7+ Kf6 48. Qxa6+ Kg7 49. Qb7+ Kf6 50. Qxh7 Qe1+ 51. Kg2 Qe2 52. Qh8+ Kf7 53. Qxd4 Qxh5 54.
Qd5+ Kg7 55. Qxb5 Qd1 56. Qe5+ Kg6 57. Qd5 Qc2 58. b5 Qb2 59. a4 Qb4 60. Qc6+ Kg5 61. b6 f4 62. Qd5+ Kg4 63. Qf3+ Kg5 64. Qxf4+ 1-0

[Event "Late-Titled-Tuesday-Blitz-September-05-2023"]
[Site "Chess.com"]
[Date "2023.09.05"]
[Round "3"]
[White "Defenstrator"]
[Black "ninguno46"]
[Result "0-1"]
[WhiteElo "2303"]
[BlackElo "2596"]
[TimeControl "180+1"]
[EndTime "14:29:32 PDT"]
[Termination "ninguno46 won by resignation"]

1. Nf3 d5 2. e3 Nf6 3. Ne5 g6 4.
b3 Bg7 5. Bb2 O-O 6. g3 c5 7.
Bg2 Nfd7 8. d4 cxd4 9. Nxd7 Bxd7 10. Bxd4 e5 11. Bb2 Bc6 12. O-O d4 13. exd4 exd4 14. Nd2 Bxg2 15. Kxg2 Nc6 16. Nf3 Qd5 17. Kg1 Rad8 18. a3 a5 19. Qd3 Rd7 20. Rad1 Rfd8 21.
Rfe1 h6 22. Re4 f5 23. Re2 g5 24. Rde1 Qf7 25. Nd2 Rd5 26. Nc4 g4 27. Bc1 b5 28. Nb6 Ne5 29. Qd1 Nf3+ 30. Kh1 Qh5 31. h4 R5d6 32. Bf4 Rxb6 33. Re6 Rxe6 34. Rxe6 Qf7 35. Qe2 Bf8 36. Bxh6 Qb7 37. Bxf8 Ng5+ 38. Kg1 Nxe6 39. Qxe6+ Qf7 40. Qxf7+ Kxf7 41. Bc5 d3 42.
cxd3 Rxd3 43. b4 a4 44. h5 Rxa3 45. Be3 Rxe3 46. fxe3 a3 0-1

[Event "Late-Titled-Tuesday-Blitz-September-05-2023"]
[Site "Chess.com"]
[Date "2023.09.05"]
[Round "3"]
[White "Beca95"]
[Black "Michalczak"]
[Result "1-0"]
[WhiteElo "2965"]
[BlackElo "2505"]
[TimeControl "180+1"]
[EndTime "14:29:33 PDT"]
[Termination "Beca95 won by resignation"]

1. e4 e5 2. Nf3 Nc6 3. Nc3 Nf6 4. Bb5 Nd4 5. O-O Bc5 6. Bd3 d6 7. Nxd4 Bxd4 8. Ne2 Bb6 9. c3 O-O 10. Bc2 c6 11. d4 Qc7 12. Kh1 h6 13. f4 Nd7 14.
Ng3 exd4 15. cxd4 c5 16. d5 Nf6 17. f5 c4 18. Bf4 Re8 19. Qd2 Kh7 20. h3 Bd7 21. a4 a6 22. Rf3 Bc5 23. a5 b5 24.
axb6 Qxb6 25. Ra2 Bd4 26. Ne2 Be5 27. Be3 Qc7 28. Nd4 Reb8 29. Bf2 a5 30. Rc3 Rb4 31. Nf3 Bxc3 32. bxc3 Rb3 33. Bd4 a4 34. g4 Rab8 35. g5 Nh5 36. e5 Ng3+ 37. Kg2 Nxf5 38. gxh6 gxh6 39. Nh4 Rg8+ 40. Kf2 Qc8 41. Qf4 Rg5 42. exd6 Kg8 43. Nxf5 Bxf5 44. Qe5 Kh7 45. Qf6 Rb7 46. d7 Qxd7 47. Qh8+ Kg6 48. Qg7+ Kh5 49. Bd1+ Bg4 50. hxg4+ Rxg4 51. Qxg4+ Qxg4 52. Bxg4+ Kxg4 53. Rxa4 Rb2+ 54. Ke3 h5 55. Rxc4 h4 56. Bf6+ Kf5 57. Bxh4 f6 58. d6 Ke6 59. Rd4 Rb7 60. d7 Rxd7 61. Rxd7 Kxd7 62. Bxf6 Kc6 63. Bd4 1-0

[Event "Late-Titled-Tuesday-Blitz-September-05-2023"]
[Site "Chess.com"]
[Date "2023.09.05"]
[Round "3"]
[White "PepeCuenca"]
[Black "DeArron_Fox"]
[Result "1/2-1/2"]
[WhiteElo "2672"]
[BlackElo "2473"]
[TimeControl "180+1"]
[EndTime "14:29:33 PDT"]
[Termination "Game drawn by agreement"]

1. e4 c5 2. Nf3 e6 3. g3 d5 4.
exd5 exd5 5. d4 Nf6 6. Bg2 Nc6 7. O-O cxd4 8. Nxd4 Be7 9. h3 O-O 10. Nc3 Re8 11.
Be3 Ne5 12. b3 Be6 13. Nce2 a6 14. a4 Rc8 15. Kh2 Qd7 16. Nf4 Bf8 17. Nfxe6 fxe6 18. f4 Nc6 19. Ne2 e5 20. fxe5 Nxe5 21. Bf4 Kh8 22. Nd4 Ng6 23. Bd2 Bd6 24. Nf5 Bb8 25. Kh1 Ne4 26. Be1 Rf8 27. Bxe4 Ne7 28. g4 Be5 29.
Rb1 g6 30. Bg2 gxf5 31. g5 f4 32. Qf3 Qd6 33. Rd1 Nf5 34. c4 Ng3+ 35. Bxg3 fxg3 36. Qxd5 Qxd5 37. Bxd5 b6 38. Kg2 a5 39. Rf3 Kg7 40.
Rxf8 Rxf8 41. Rf1 Rxf1 42. Kxf1 Kg6 43. h4 Kh5 44. Be4 Kxh4 45. Kg2 Kxg5 46. Bxh7 Kf4 47. Bg8 Ke3 48. Be6 Kd4 49. Bd7 Kc3 50. Bb5 Kxb3 51. Kf3 Kc2 52. Kg2 Kd2 53. Kf3 Ke1 54. Kg2 Ke2 55. Bc6 Kd3 56. Bb5 Kc3 57. Kf3 Kb4 58. Kg2 Bd6 59. Kf3 1/2-1/2

[Event "Late-Titled-Tuesday-Blitz-September-05-2023"]
[Site "Chess.com"]
[Date "2023.09.05"]
[Round "3"]
[White "in_shambles"]
[Black "Fengwi"]
[Result "0-1"]
[WhiteElo "2110"]
[BlackElo "2435"]
[TimeControl "180+1"]
[EndTime "14:29:33 PDT"]
[Termination "Fengwi won on time"]

1. d4 Nf6 2. c4 g6 3. Nc3 Bg7 4. e4 d6 5. Be2 O-O 6. Be3 e5 7.
d5 Nbd7 8. g4 Nc5 9. f3 h5 10.
g5 Nh7 11. h4 f6 12. gxf6 Bxf6 13. Bf2 a5 14. Qd2 g5 15. hxg5 Bxg5 16. Be3 Bh4+ 17.
Kd1 Bd7 18. Kc2 Rf7 19. Nh3 Rg7 20. Rag1 Bg3 21. Nf2 h4 22. Ng4 Bxg4 23. fxg4 Nf6 24. Bg5 Nfxe4 25. Nxe4 Nxe4 26. Bxd8 Nxd2 27. Bxh4 Bxh4 28.
Rxh4 Ne4 29. Rgh1 Kf7 30. Bf3 Ng5 31. Be2 Rf8 32. Bd3 Ke7 33. Kd2 Nf3+ 34. Kc3 Nxh4 35.
Rxh4 Rf3 36. Kd2 Rg3 37. Bf5 Rg2+ 38. Kc3 e4 39. Kd4 Rxb2 40. Kxe4 Rxa2 41. Kd4 Rg2 42. Rh6 R2xg4+ 43. Bxg4 Rxg4+ 44. Kc3 Rg7 45. Re6+ Kd7 46.
Re1 b6 47. Rb1 Kc8 48. Kd4 Kb7 49. Re1 Rg4+ 50. Kc3 Rg3+ 51. Kd4 Rb3 52. Ra1 b5 53. Rxa5 Rb4 54. Kd3 Kb6 0-1

[Event "Late-Titled-Tuesday-Blitz-September-05-2023"]
[Site "Chess.com"]
[Date "2023.09.05"]
[Round "3"]
[White "Quattroporte300"]
[Black "Too_Stupid_To_Play"]
[Result "0-1"]
[WhiteElo "2387"]
[BlackElo "2251"]
[TimeControl "180+1"]
[EndTime "14:29:33 PDT"]
[Termination "Too_Stupid_To_Play won on time"]

1. e4 b6 2. d4 Bb7 3. Bd3 Nf6 4. Qe2 Nc6 5. Nf3 Nb4 6. O-O Nxd3 7. cxd3 e6 8. Nc3 Be7 9. d5 O-O 10. d4 exd5 11. e5 Ne4 12. Nxe4 dxe4 13. Nd2 d5 14. exd6 Bxd6 15. Nxe4 Bxh2+ 16. Kxh2 Qh4+ 17. Kg1 Qxe4 18. Qxe4 Bxe4 19. Bf4 c6 20. f3 Bd5 21. Kf2 Rfe8 22. a3 f6 23. Rfe1 Kf7 24. Rac1 Rxe1 25.
Rxe1 Rd8 26. Re2 Bc4 27. Rd2 Rd7 28. b4 g5 29. Be3 Kg6 30. g4 h5 31. gxh5+ Kxh5 32. Kg3 f5 33. f4 Re7 34. Rh2+ Kg6 35. Kf2 g4 36. Bd2 Re4 37. Rg2 Rxd4 38. Ke1 Rd3 39. Bc1 Rf3 40. Rh2 Rf1+ 41. Kd2 Rxf4 42. Kc3 Re4 43.
Rh6+ Kf7 44. Rh7+ Ke6 45. Rxa7 b5 46. Rg7 Re2 47. Bf4 Rf2 48. Rg6+ Kf7 49. Rxc6 Rxf4 50.
a4 Rf3+ 51. Kd4 Be2 52. a5 Ra3 53. a6 g3 54. Ke5 g2 55. Rc7+ Kg6 56. a7 g1=Q 0-1

[Event "Late-Titled-Tuesday-Blitz-September-05-2023"]
[Site "Chess.com"]
[Date "2023.09.05"]
[Round "3"]
[White "Zhigalko_Sergei"]
[Black "arminmusovic"]
[Result "1-0"]
[WhiteElo "2885"]
[BlackElo "2526"]
[TimeControl "180+1"]
[EndTime "14:29:35 PDT"]
[Termination "Zhigalko_Sergei won by resignation"]

1. e4 c6 2. d4 d5 3. e5 c5 4. Nf3 Nc6 5. dxc5 Bg4 6. c3 Qc7 7. Bf4 e6 8. b4 Nge7 9. Bb5 Ng6 10. Bg3 Be7 11. Nbd2 O-O 12. Bxc6 bxc6 13. O-O h5 14. h3 h4 15. Bh2 Bf5 16. Re1 a5 17. a3 Qd7 18. Nd4 Bd3 19. Re3 Ba6 20. Qg4 axb4 21. cxb4 Bc8 22. Rf1 Bd8 23. N2f3 Qe8 24.
Rfe1 Bd7 25. Qh5 Ra4 26. R1e2 Be7 27. Ne1 Qa8 28. Nec2 Qe8 29. Kh1 Qa8 30. f4 Qc8 31.
f5 exf5 32. e6 Be8 33. Nxf5 fxe6 34. Rxe6 Rxf5 35. Qxf5 Nf8 36. R6e5 Bd7 37. Qf3 Bf6 38. R5e3 d4 39. Rd3 Bf5 40. Rd1 d3 41. Rxd3 Bxd3 42. Qxd3 Qd7 43. Qb3+ Qd5 44. Qxa4 Ng6 45. Re1 Kh7 46.
Ne3 Qd2 47. Qd1 Qb2 48. Qh5+ Kg8 49. Qxg6 Qf2 50. Qe8+ Kh7 51. Rf1 Qe2 52. Qe4+ Kg8 53. Qf3 Qd3 54. Ng4 Qg6 55. Nxf6+ gxf6 56. Qxf6 1-0

[Event "Late-Titled-Tuesday-Blitz-September-05-2023"]
[Site "Chess.com"]
[Date "2023.09.05"]
[Round "3"]
[White "infinitegiantkiller"]
[Black "zeitnot2006"]
[Result "0-1"]
[WhiteElo "2490"]
[BlackElo "2759"]
[TimeControl "180+1"]
[EndTime "14:29:35 PDT"]
[Termination "zeitnot2006 won by resignation"]

1. Nf3 Nf6 2. g3 b6 3. Bg2 Bb7 4. O-O e6 5. b3 Be7 6. Bb2 O-O 7. d4 c5 8. Nbd2 cxd4 9. Nxd4 Bxg2 10. Kxg2 Qc8 11. Rc1 Nc6 12. Nxc6 Qxc6+ 13. Kg1 d5 14. Nf3 Rfd8 15. e3 Ne4 16. c4 dxc4 17.
Qe2 c3 18. Nd4 Qc5 19. f3 Rxd4 20. fxe4 Rxe4 21. Rxc3 Qg5 22. Qf3 f5 23. Rc4 Qxe3+ 24. Qxe3 Rxe3 25. Rc7 Bc5 26. b4 Bxb4 27. Rxg7+ Kf8 28.
Rxh7 Re8 29. g4 Bc5 30. Kh1 Re7 31. Rh8+ Kf7 32. gxf5 exf5 33. Rxf5+ Ke6 34. Rf6+ Kd5 35. Rh5+ Kc4 36. Rf4+ Kb5 37. Bd4 Re1+ 38. Kg2 R7e2+ 39. Kf3 Rxa2 40. Bxc5 bxc5 41. Kg4 Rg1+ 42. Kf5 c4 43. Ke6+ Kb4 44. Rhh4 Rc2 45. Kd5 Rd1+ 46. Kc6 Kb3 47. Rhg4 a5 48. h4 a4 49. Rg3+ Rd3 50. Rg5 a3 51.
Rb5+ Kc3 52. Ra5 Kb2 53. h5 a2 54. Rf1 Rh2 55. Ra4 Ra3 56. Rxc4 a1=Q 57. Rxa1 Rxa1 58. Rc5 Rc1 59. Rxc1 Kxc1 60. Kd5 Rxh5+ 61. Ke6 Rh3 62. Kf5 Rh2 63. Kg6 Re2 64. Kg5 Kd2 65. Kg4 Ke3 66. Kg3 Rf2 67. Kg4 Rf3 68. Kg5 Rf4 69. Kh5 Ke4 70. Kg5 Ke5 71. Kh5 Kf6 0-1

[Event "Late-Titled-Tuesday-Blitz-September-05-2023"]
[Site "Chess.com"]
[Date "2023.09.05"]
[Round "3"]
[White "kaanadayhamle"]
[Black "WPWPWP-2015"]
[Result "0-1"]
[WhiteElo "2357"]
[BlackElo "2547"]
[TimeControl "180+1"]
[EndTime "14:29:35 PDT"]
[Termination "WPWPWP-2015 won on time"]

1. Nf3 Nf6 2. c4 c5 3. g3 b6 4. Bg2 Bb7 5. O-O e6 6. Nc3 Be7 7. Rb1 O-O 8. d4 cxd4 9. Nxd4 Bxg2 10. Kxg2 d5 11. cxd5 Nxd5 12. e4 Nxc3 13. bxc3 Qc8 14. Qb3 Nd7 15. Be3 Nc5 16. Qc2 Qb7 17. f3 Rac8 18.
Rfd1 h5 19. h4 Bf6 20. Nb5 Qa8 21. Bd4 Be7 22. Qe2 a6 23. Bxc5 Rxc5 24. Nd4 b5 25. Rbc1 Rfc8 26. Qb2 Bf6 27. Re1 g6 28. e5 Bxe5 29. Nb3 Bxc3 30. Qe2 Rc4 31. Red1 Bf6 32.
Rxc4 bxc4 33. Na1 c3 34. Nc2 Qc6 35. Qd3 Qc4 36. Qxc4 Rxc4 37. Kf2 Ra4 38. a3 Ra5 39. Ke2 Re5+ 40. Kf2 Rd5 41. Rxd5 exd5 42. Ke2 a5 43. Kd3 Kf8 44. Ne3 d4 45. Nc4 Be7 46. a4 Bb4 47. Nd6 Ke7 48. Ne4 f5 0-1

[Event "Late-Titled-Tuesday-Blitz-September-05-2023"]
[Site "Chess.com"]
[Date "2023.09.05"]
[Round "3"]
[White "HansOnTwitch"]
[Black "RzayevB"]
[Result "1-0"]
[WhiteElo "3017"]
[BlackElo "2694"]
[TimeControl "180+1"]
[EndTime "14:29:37 PDT"]
[Termination "HansOnTwitch won by resignation"]

1. e4 c5 2. Nf3 a6 3. b3 b5 4.
Bb2 Bb7 5. d3 d6 6. g3 e5 7. Bg2 Nf6 8. O-O Be7 9. a4 O-O 10.
Nc3 b4 11. Ne2 Nc6 12. Nd2 Nd4 13. Nc4 Re8 14. Nxd4 exd4 15. e5 Nd5 16. Re1 dxe5 17. Rxe5 Bf6 18. Rxe8+ Qxe8 19. Nd6 Qd7 20. Nxb7 Qxb7 21.
Qf3 Rd8 22. Re1 h6 23. Bc1 Qd7 24. Qh5 Nc3 25. Bh3 Qc6 26. Bg2 Qd7 27. Qxc5 Re8 28. Be4 Nxe4 29. Rxe4 Rxe4 30. dxe4 d3 31. cxd3 Qxd3 32.
e5 Bxe5 33. Qxe5 Qd1+ 34. Kg2 Qxc1 35. Qe8+ Kh7 36. Qxf7 Qc6+ 37. Qf3 Qc3 38. h4 Kh8 39. h5 Kh7 40. Qe3 Qc6+ 41. Qf3 Qc3 42. g4 Kh8 43.
Qe3 Qc6+ 44. Kg3 Qd6+ 45. f4 Qd1 46. f5 Qd5 47. Kf4 Qd6+ 48. Ke4 a5 49. Qd4 Qg3 50.
Qd8+ Kh7 51. Qxa5 Qxb3 52. f6 Qe6+ 53. Qe5 Qxe5+ 54. Kxe5 gxf6+ 55. Kd4 b3 56. Kc3 f5 57.
gxf5 Kg7 58. a5 Kf6 59. a6 Kxf5 60. a7 1-0

[Event "Late-Titled-Tuesday-Blitz-September-05-2023"]
[Site "Chess.com"]
[Date "2023.09.05"]
[Round "3"]
[White "ContrVersia"]
[Black "grzechu96"]
[Result "0-1"]
[WhiteElo "2898"]
[BlackElo "2650"]
[TimeControl "180+1"]
[EndTime "14:29:37 PDT"]
[Termination "grzechu96 won by resignation"]

1. Nf3 d5 2. c4 c6 3. g3 Nf6 4. Bg2 dxc4 5. O-O Nbd7 6. a4 a5 7. Na3 Nb6 8. Qc2 Bg4 9. Nxc4 Nxc4 10. Qxc4 Bxf3 11. Bxf3 e6 12. d3 Bb4 13. Be3 O-O 14.
Rfc1 Qe7 15. Rab1 Rfd8 16. Bb6 Rd7 17. d4 Nd5 18. Bc5 Bxc5 19. Qxc5 Qf6 20. Rd1 Nb4 21. Kg2 g6 22. h4 h5 23. Rbc1 Kg7 24. e3 Qe7 25.
Qxe7 Rxe7 26. Rc5 Rd7 27. Be4 Rd6 28. f3 f5 29. Bb1 b6 30. Rcc1 Rad8 31. Rf1 Kf6 32.
Rf2 e5 33. dxe5+ Kxe5 34. f4+ Kf6 35. e4 fxe4 36. Bxe4 c5 37. f5 g5 38. hxg5+ Kxg5 39. Rcf1 Kf6 40. Rh1 Kg5 41. f6 Rxf6 42. Rxf6 Kxf6 43.
Rxh5 Rd2+ 44. Kf3 Rxb2 45. Rh6+ Ke5 46. Rh5+ Kd4 47. g4 c4 48. g5 Rb3+ 49. Kf4 Re3 50. Bf5 Nd5+ 51. Kg4 Re1 52. Rh3 Rg1+ 53. Rg3 Ne3+ 54.
Kf4 Rxg3 0-1

[Event "Late-Titled-Tuesday-Blitz-September-05-2023"]
[Site "Chess.com"]
[Date "2023.09.05"]
[Round "3"]
[White "Guzman70"]
[Black "ChEsper99"]
[Result "1-0"]
[WhiteElo "2360"]
[BlackElo "2142"]
[TimeControl "180+1"]
[EndTime "14:29:37 PDT"]
[Termination "Guzman70 won on time"]

1. Nf3 d5 2. d4 c6 3. Bf4 Nf6 4.
e3 Bf5 5. c4 e6 6. Nc3 Bd6 7.
Bg3 O-O 8. Qb3 Bxg3 9. hxg3 Qb6 10. c5 Qc7 11. Qa4 Nbd7 12. b4 b5 13. Qd1 e5 14.
Be2 Rfe8 15. O-O Ne4 16. Nxe4 Bxe4 17. a4 a6 18. dxe5 Nxe5 19. Qd4 Nxf3+ 20. gxf3 Bg6 21. axb5 axb5 22. Rxa8 Rxa8 23. Ra1 Ra7 24. Rxa7 Qxa7 25. Qe5 Qa8 26. f4 f6 27. Qe6+ Bf7 28. Qd7 Qe8 29.
Qxe8+ Bxe8 30. Bg4 Kf7 31. Kf1 Ke7 32. Ke2 Bg6 33.
Kd2 Be4 34. Kc3 Bb1 35. Kd4 g6 36. Bc8 Kd8 37. Be6 Ke7 38. Bg8 h6 39. f3 Bf5 40.
g4 Be6 41. Bh7 Kf7 42. f5 gxf5 43. gxf5 Bd7 44. e4 dxe4 45. fxe4 Ke7 46. Bg6 Be8 47. Bxe8 Kxe8 48. e5 fxe5+ 49. Kxe5 Ke7 50. f6+ Kf7 51.
Kd6 Kxf6 52. Kxc6 h5 53. Kxb5 h4 54. c6 h3 55. c7 h2 56. c8=Q h1=Q 57. Qd8+ Kf7 58.
Qd7+ Kf6 59. Qc6+ 1-0